 Dungeon Crawl Stone Soup version 0.29-a0-541-gaf1fc19f1b (webtiles) character file.

Game seed: 2995434003588696110

60 vulpzor the Ruffian (level 3, -1/25 HPs)
             Began as a Draconian Transmuter on June 3, 2022.
             Was an Initiate of Ru.
             Slain by Ijyb
             ... wielding a +0 dagger of speed
              (7 damage)
             ... on level 3 of the Dungeon.
             The game lasted 00:15:55 (1515 turns).

vulpzor the Ruffian (Draconian Transmuter)          Turns: 1515, Time: 00:16:01

Health: -1/25      AC:  0    Str: 14    XL:     3   Next: 80%
Magic:  5/6        EV: 19    Int: 13    God:    Ru [......]
Gold:   17         SH:  0    Dex: 16    Spells: 5/6 levels left

rFire   . . .      SeeInvis .     - Unarmed
rCold   . . .      Faith    .   (shield currently unavailable)
rNeg    . . .      Spirit   .   (body armour unavailable)
rPois   .          Reflect  .   (helmet currently unavailable)
rElec   .          Harm     .   (cloak currently unavailable)
rCorr   .          Rampage  .   (gloves currently unavailable)
Will    .....                   (boots currently unavailable)
Stlth   +.........              e - amulet of the acrobat
HPRegen 0.08/turn               (ring currently unavailable)
MPRegen 0.10/turn               (ring currently unavailable)

@: bat-form, flying, very quick
A: fast, flying, no casting, AC +5, tiny, unfitting armour, (cold-blooded),
(cold resistance 1), frail 1, subdued magic 1
a: Renounce Religion, Sacrifice an Eye, Sacrifice Artifice, Sacrifice Words,
Reject Sacrifices


You were on level 3 of the Dungeon.
You worshipped Ru.
Ru was noncommittal.
You were a bat.
You visited 1 branch of the dungeon, and saw 3 of its levels.

You collected 17 gold pieces.

Inventory:

Hand Weapons
 d - a +0 short sword
 n - a +1 vorpal morningstar (melded)
Missiles
 f - 6 poisoned darts
 o - 4 atropa-tipped darts
Armour
 b - a +0 chain mail
 j - a +0 robe
Magical Staves
 p - a staff of air
Jewellery
 c - an amulet of regeneration
 e - an amulet of the acrobat (around neck)
 s - an amulet of faith
Scrolls
 h - a scroll of teleportation {unknown}
 k - a scroll of enchant armour {unknown}
 m - 2 scrolls of blinking
 q - a scroll of identify
 r - a scroll of silence {unknown}
Potions
 a - a potion of lignification
 g - a potion of brilliance {unknown}
 i - 2 potions of heal wounds {unknown}
 l - a potion of curing {unknown}


   Skills:
 + Level 1.1 Fighting
 + Level 0.4 Maces & Flails
 + Level 2.1 Dodging
 + Level 4.2 Unarmed Combat
 + Level 2.1 Spellcasting
 + Level 2.1 Transmutations


You had 5 spell levels left.
You knew the following spells:

 Your Spells              Type           Power      Damage    Failure   Level
a - Beastly Appendage     Tmut           10%        N/A       9%          1

Your spell library contained the following spells:

 Spells                   Type           Power      Damage    Failure   Level
 Wereblood                Tmut           5%         N/A       13%         2
 Spider Form              Tmut/Pois      3%         N/A       38%         3
 Ice Form                 Ice/Tmut       3%         N/A       82%         4


Dungeon Overview and Level Annotations

Branches:
Dungeon (3/15)

Altars:
Ru

Annotations:
D:3 Ijyb, Robin


Innate Abilities, Weirdness & Mutations

You are a bat.
You are tiny and dextrous.
You move quickly.
You are flying.
Your equipment is almost entirely melded.
You are incapable of wielding weapons or throwing items.
You cannot cast spells.
((Your plain brown scales are hard. (AC +5)))
You cannot fit into any form of body armour.
((You are cold-blooded and may be slowed by cold attacks.))
((Your flesh is cold resistant. (rC+)))
You are frail. (-10% HP)
Your spells are a little easier to cast, but a little less powerful.


Message History

The goblin completely misses you.
Robin roars a battlecry!
The goblins go into a battle-frenzy!
Ijyb shouts!
The goblin completely misses you. Robin throws the goblin at you!
You puncture the goblin!
You kill the goblin!
A hobgoblin comes into view.
The goblin completely misses you.
You see here a +0 club.
You closely miss the goblin. You tail-slap the goblin.
The goblin is heavily wounded.
Robin throws Ijyb at you! The goblin barely misses you.
Ijyb zaps a wand.
You resist with significant effort.
You hit Ijyb but do no damage. The goblin hits you with a +0 dagger.
You hit Ijyb. You tail-slap Ijyb, but do no damage.
Ijyb is lightly wounded.
Ijyb hits you with a +0 dagger of speed.
The goblin hits you but does no damage.
Ijyb hits you with a +0 dagger of speed.
You sock Ijyb!
Ijyb is severely wounded.
The goblin barely misses you. Ijyb closely misses you.
The goblin barely misses you.
Ijyb hits you with a +0 dagger of speed.
Casting: Beastly Appendage (safe; 9% risk of failure)
Confirm with . or Enter, or press ? or * to list all spells.
You grow a pair of large bovine horns.
Your feet morph into talons.
Ijyb zaps a wand.
Your horns disappear.
Your talons disappear.
You turn into a bat.
Your +1 vorpal morningstar melds into your body.
The goblin barely misses you.
You hit Ijyb but do no damage.
Ijyb is severely wounded.
Ijyb hits you with a +0 dagger of speed!
The goblin hits you with a +0 dagger.
* * * LOW HITPOINT WARNING * * *
Ijyb hits you with a +0 dagger of speed!
You die...

.#.).###.##..........
.#...................
....####.##..........
.......#....#........
....#.#.....#.#####..
..#.#.'.....#.# .
#.#.###.....#.# #.#.#
###.#.#.##### #.#.#
#...#...bg# #....
.##.#.###g# # ##. ..
##### #g# . ...


ggg ..... #.gg. #....# #.!..# .g...# .#.### You could see Ijyb (strong), Robin,
a hobgoblin (strong) and 4 goblins.

Vanquished Creatures
  An adder (D:2)
  5 dart slugs
  An endoplasm (D:2)
  4 giant cockroaches
  5 goblins
  4 hobgoblins
  3 jackals (D:2)
  2 kobolds (D:1)
  A quokka (D:1)
  5 ball pythons
  2 frilled lizards
  4 rats (D:1)
37 creatures vanquished.

Notes
Turn   | Place    | Note
-------+----------+-------------------------------------------
     0 | D:1      | vulpzor the Draconian Transmuter began the quest for the
                  | Orb.
     0 | D:1      | Reached XP level 1. HP: 16/16 MP: 3/3
   161 | D:1      | Reached XP level 2. HP: 18/23 MP: 5/5
   254 | D:1      | Gained mutation: You are frail. (-10% HP) [potion of
                  | mutation]
   254 | D:1      | Gained mutation: Your flesh is cold resistant. (rC+)
                  | [potion of mutation]
   254 | D:1      | Gained mutation: Your spells are a little easier to cast,
                  | but a little less powerful. [potion of mutation]
   602 | D:1      | Found a faded altar of an unknown god.
   610 | D:1      | Prayed at the altar of an unknown god.
   610 | D:1      | Became a worshipper of Ru the Awakened
   720 | D:2      | Reached XP level 3. HP: 24/25 MP: 6/6
  1066 | D:2      | Reached skill level 4 in Unarmed Combat
  1504 | D:3      | Noticed Robin
  1506 | D:3      | Noticed Ijyb
  1515 | D:3      | Slain by Ijyb

Illustrated notes

Levels and vault maps discovered:
D:1:      heliophobic_arrival_battle_scene, layout_rooms,
          shapermc_ecumenical_altar_mp_highgroup, hangedman_decor_points,
          minmay_hexomino_c4
D:2:      layout_loops_ring
D:3:      layout_basic, minmay_surrounded, uniq_robin, uniq_jessica, uniq_ijyb

Skill      XL: |  1  2  3 |
---------------+----------+-----
Dodging        | 2 |  2.1
Unarmed Combat | 4 |  4.2
Fighting       | |  1.1
Maces & Flails | |  0.4
Spellcasting   | |  2.1
Transmutations | |  2.1

Action                   || total
-------------------------++-------
Melee: Unarmed           ||    60
       Tailslap          ||    12
       Punch             ||     6
       Morningstar       ||    57
       Kick              ||     1
 Cast: Beastly Appendage ||     2
  Use: Scroll            ||     2
       Potion            ||     2
 Stab: Sleeping          ||     1
Armor: Skin              ||    35
Dodge: Dodged            ||    87

Table legend: (Time is in decaauts)
 A = Elapsed time spent in this place.
 B = Non-inter-level travel time spent in this place.
 C = Inter-level travel time spent in this place.
 D = Time resting spent in this place.
 E = Time spent auto-exploring this place.
 F = Levels seen in this place.
 G = Mean time per level.
                   A        B        C        D        E       F      G
               +--------+--------+--------+--------+--------+-----+--------+
         Total |   1537 |   1536 |      1 |    173 |    341 |   3 |  512.3 |
       Dungeon |   1537 |   1536 |      1 |    173 |    341 |   3 |  512.3 |
               +--------+--------+--------+--------+--------+-----+--------+

Top non-repeatable levels by time:
     D:2: 752 daAuts
     D:1: 678 daAuts
     D:3: 106 daAuts
